 Dungeon Crawl Stone Soup version 0.20.1-1-g8b1a95d (webtiles) character file.

2759 homeworkjunkie the Cleaver (level 9, -9/79 HPs)
             Began as a Hill Orc Fighter on Nov 24, 2017.
             Killed by divine providence
             ... invoked by a meliai
              (15 damage)
             ... on level 8 of the Dungeon.
             The game lasted 00:14:05 (7401 turns).

homeworkjunkie the Cleaver (Hill Orc Fighter)       Turns: 7401, Time: 00:14:06

Health: -9/79      AC:  9    Str: 26    XL:     9   Next: 69%
Magic:  3/3        EV:  7    Int: 12    God:
Gold:   446        SH: 11    Dex: 15    Spells: 8/8 levels left

rFire    . . .     SeeInvis .   t - +0 war axe of Xom's Benevolence {antimagic, Int+4} (curse)
rCold    . . .     Gourm    .   c - +0 shield
rNeg     . . .     Faith    .   l - +0 chain mail
rPois    +         Spirit   .   (no helmet)
rElec    .         Reflect  .   (no cloak)
rCorr    .         Harm     +   (no gloves)
MR       .....                  v - -2 pair of boots of Focus {Regen+ Dex+4}
Stlth    ..........             s - amulet of harm
Regen    0.7/turn               b - ring of poison resistance
MPRegen  0.1/turn               q - +5 ring of strength

@: lethally poisoned (-9 -> -37), drained
A: no striking features
a: no special abilities


You were on level 8 of the Dungeon.
You were hungry.

You visited 1 branch of the dungeon, and saw 8 of its levels.

You collected 446 gold pieces.

Inventory:

Hand Weapons
 a - a +2 war axe
 t - the cursed +0 war axe of Xom's Benevolence (weapon) {antimagic, Int+4}
   (You found it on level 8 of the Dungeon)

   It reduces the magical energy of the wielder, and disrupts the spells and
   magical abilities of those hit.
   Natural abilities and divine invocations are not affected.
   It affects your intelligence (+4).
   It has a curse placed upon it.
Armour
 c - a +0 shield (worn)
 l - a +0 chain mail (worn)
 v - the -2 pair of boots of Focus (worn) {Regen+ Dex+4}
   (You found it on level 6 of the Dungeon)

   It affects your dexterity (+4).
   It increases your rate of regeneration.
Jewellery
 b - a ring of poison resistance (left hand)
 h - an uncursed ring of flight
 q - a +5 ring of strength (right hand)
 s - an amulet of harm (around neck)
Scrolls
 e - 2 scrolls of recharging
 i - 3 scrolls of immolation
 u - 3 scrolls of identify
 y - a scroll of teleportation
Potions
 d - 2 potions of flight
 j - 3 potions of brilliance
 k - a potion of haste
 m - a potion of invisibility
 o - a potion of mutation
 p - 3 potions of curing
 r - a potion of might
Comestibles
 f - 4 bread rations
 w - a meat ration


   Skills:
 * Level 7.5(7.3) Fighting
 * Level 11.2(10.9) Axes
 * Level 7.1(6.9) Armour
 + Level 1.0(0.8) Dodging
 + Level 0.3(0.1) Stealth
 * Level 6.8(6.6) Shields


You had 8 spell levels left.
You didn't know any spells.

Dungeon Overview and Level Annotations

Branches:
Dungeon (8/15)
 Temple: D:4-7         Lair: D:8-11

Altars:
Ashenzari
Kikubaaqudgha
Makhleb
Qazlal
Trog
Uskayaw

Shops:
D:7 (


Message History

The meliai poisons you!
Your magical contamination has completely faded away.
Your shield and chain mail prevent you from hitting the meliai.
The meliai is severely wounded.
You feel very sick.
The meliai calls down the wrath of its god upon you.
Something smites you!
* * * LOW HITPOINT WARNING * * *
You block the meliai's attack. x2
You hit the meliai.
The meliai is severely wounded.
You feel sick. The meliai hits you with a hand axe!
* * * LOW HITPOINT WARNING * * *
The meliai stings you.
* * * LOW HITPOINT WARNING * * *
You are more poisoned.
The meliai poisons you!
The meliai calls down the wrath of its god upon you.
Something smites you!
You die...

...# ####
#######
#####
..([...
....
.......##.#
#.Zy@.#
.......##.#
#..##..#..#
# #..##..#
#..#...#
..##...#
#..#..#.#
..##..#.#
#..##.#


You could see a meliai and a bullfrog zombie.

Vanquished Creatures
  The ghost of DasRunzen the Slasher, an amateur DsGl of Okawaru (D:3)
  Grinder (D:5)
  Sigmund (D:4)
  Duvessa (D:6)
  2 sky beasts (D:7)
  2 phantoms
  2 ogres (D:4)
  2 centaurs (D:7)
  The ghost of Lanoc the Sneak, an amateur OpEn (D:4)
  Blork the orc (D:4)
  3 bullfrogs
  A scorpion (D:4)
  Dowan (D:6)
  5 wights (D:7)
  A bullfrog zombie (D:5)
  A hound (D:4)
  A bullfrog skeleton (D:6)
  5 orc priests
  An iguana (D:8)
  3 worker ants
  6 orc wizards
  A hound zombie (D:8)
  7 adders
  10 gnolls
  9 worms
  A leopard gecko (D:2)
  19 orcs
  A ball python (D:2)
  3 giant cockroaches
  5 goblins
  5 hobgoblins
  16 jackals
  5 kobolds
  5 quokkas
  4 bats
  6 frilled lizards
  2 quokka skeletons
  3 rats
144 creatures vanquished.

Notes
Turn   | Place    | Note
-------+----------+-------------------------------------------
     0 | D:1      | homeworkjunkie the Hill Orc Fighter began the quest for the Orb.
     0 | D:1      | Reached XP level 1. HP: 19/19 MP: 1/1
   234 | D:2      | Reached skill level 3 in Axes
   234 | D:2      | Reached XP level 2. HP: 6/27 MP: 2/2
   508 | D:2      | Reached XP level 3. HP: 8/33 MP: 3/3
   762 | D:2      | Found a shattered altar of Ashenzari.
  1002 | D:3      | Reached XP level 4. HP: 38/40 MP: 4/4
  1011 | D:3      | Reached skill level 4 in Axes
  1240 | D:3      | Found a hide-covered altar of Uskayaw.
  1263 | D:3      | Reached XP level 5. HP: 17/47 MP: 5/5
  1665 | D:3      | Noticed DasRunzen's ghost (amateur DsGl)
  1674 | D:3      | Killed DasRunzen's ghost
  1674 | D:3      | Reached skill level 5 in Fighting
  1674 | D:3      | Reached skill level 6 in Axes
  1674 | D:3      | Reached XP level 6. HP: 34/56 MP: 6/6
  2472 | D:3      | Reached skill level 7 in Axes
  2472 | D:3      | Reached XP level 7. HP: 50/61 MP: 7/7
  3850 | D:4      | Noticed Lanoc's ghost (amateur OpEn)
  3861 | D:4      | Killed Lanoc's ghost
  3888 | D:4      | Noticed Blork the orc
  4039 | D:4      | Killed Blork the orc
  4039 | D:4      | Reached skill level 5 in Shields
  4309 | D:5      | Entered Level 5 of the Dungeon
  4348 | D:4      | Noticed Sigmund
  4370 | D:4      | Killed Sigmund
  4370 | D:4      | Reached skill level 8 in Axes
  4370 | D:4      | Reached XP level 8. HP: 58/70 MP: 8/8
  4426 | D:4      | Reached skill level 5 in Armour
  4837 | D:4      | Reached skill level 9 in Axes
  4903 | D:4      | Found a bloodstained altar of Trog.
  5442 | D:5      | Found a burning altar of Makhleb.
  5771 | D:5      | Noticed Grinder
  5790 | D:5      | Killed Grinder
  5956 | D:6      | Found an ancient bone altar of Kikubaaqudgha.
  5997 | D:6      | Got a pair of transparent boots
  6006 | D:6      | Identified the cursed -2 pair of boots of Focus {Regen+ Dex+4} (You found it on level 6 of the Dungeon)
  6032 | D:6      | Noticed Duvessa
  6033 | D:6      | Noticed Dowan
  6040 | D:6      | Killed Dowan
  6040 | D:6      | Reached skill level 10 in Axes
  6040 | D:6      | Reached XP level 9. HP: 72/78 MP: 9/9
  6042 | D:6      | Killed Duvessa
  6231 | D:6      | Found a stormy altar of Qazlal.
  6482 | D:7      | Found Vuggi's Weapon Emporium.
  6995 | D:7      | Reached skill level 11 in Axes
  6997 | D:7      | Reached skill level 1 in Dodging
  7363 | D:8      | Got a transparent war axe
  7364 | D:8      | Identified the cursed +0 war axe of Xom's Benevolence {antimagic, Int+4} (You found it on level 8 of the Dungeon)
  7388 | D:8      | Noticed a meliai
  7401 | D:8      | Killed from afar by a meliai

Skill      XL: |  1  2  3  4  5  6  7  8  9 |
---------------+----------------------------+-----
Axes           | 3 4 6 7 8 10 11 | 11.2
Fighting       | 4 5 6 7 |  7.5
Shields        | 4 5 6 |  6.8
Armour         | 4 6 7 |  7.1
Dodging        | 1 |  1.0
Stealth        | |  0.3

Action                   |  1- 3 |  4- 6 |  7- 9 || total
-------------------------+-------+-------+-------++-------
Melee: War axe           |    98 |    84 |   385 ||   567
  Use: Scroll            |     2 |       |    16 ||    18
       Potion            |       |     1 |     3 ||     4
  Eat: Bread ration      |       |     1 |     2 ||     3
       Fruit             |       |       |     4 ||     4
       Royal jelly       |       |       |     2 ||     2
Armor: Scale mail        |    22 |       |       ||    22
       Chain mail        |    42 |    34 |   135 ||   211
Dodge: Dodged            |    28 |    15 |    52 ||    95
Block: Shield            |    54 |    42 |   195 ||   291
